 Dungeon Crawl Stone Soup version 0.25.0-26-g0c896c7088 (webtiles) character file.

Game seed: 12892817907412364658

3249 MisterFreud the Magician (level 9, -4/99 HPs)
             Began as a Gnoll Venom Mage on July 4, 2020.
             Was a High Priest of Lugonu.
             Slain by a yak (7 damage)
             ... on level 8 of the Dungeon.
             The game lasted 00:18:52 (9782 turns).

MisterFreud the Magician (Gnoll Venom Mage)         Turns: 9782, Time: 00:18:52

Health: -4/99      AC: 24    Str: 10    XL:     9   Next: 99%
Magic:  13/19      EV:  2    Int: 21    God:    Lugonu [*****.]
Gold:   301        SH:  5    Dex: 16    Spells: 17/21 levels left

rFire    . . .     SeeInvis .   b - +0 hand axe (elec)
rCold    . . .     Gourm    .   D - +0 buckler
rNeg     + + +     Faith    +   (armour currently unavailable)
rPois    +         Spirit   .   (helmet currently unavailable)
rElec    .         Reflect  .   (cloak currently unavailable)
rCorr    .         Harm     .   (gloves currently unavailable)
MR       .....     NoTele   +   (boots currently unavailable)
Stlth    +++.......             x - amulet of faith
HPRegen  0.26/turn              r - ring of flight
MPRegen  0.16/turn              (no ring)

@: tree-form, very slightly contaminated
A: distributed training, strong nose
a: Depart the Abyss, Bend Space, Banish, Corrupt, Enter the Abyss, Renounce
Religion


You were on level 8 of the Dungeon.
You worshipped Lugonu.
Lugonu was extremely pleased with you.
You were very hungry.
You were a tree.
You visited 1 branch of the dungeon, and saw 8 of its levels.
You also visited: Sewer.

You collected 323 gold pieces.
You spent 22 gold pieces at shops.

Inventory:

Hand Weapons
 a - a +2 dagger of venom
 b - a +0 hand axe of electrocution (weapon)
 B - a +1 vorpal trident
Missiles
 d - 14 atropa-tipped darts
 g - 230 stones
 j - 3 throwing nets
 k - 44 bolts
 l - 122 arrows
 m - 7 boomerangs (quivered)
 q - 8 curare-tipped darts
Armour
 u - a scarf of resistance (melded)
 v - a +0 robe (melded)
 D - a +0 buckler (worn)
 H - a +0 pair of gloves (melded)
Jewellery
 r - a ring of flight (left branch)
 x - an amulet of faith (around neck)
Wands
 e - a wand of digging (4)
Scrolls
 f - 2 scrolls of remove curse
 n - 7 scrolls of teleportation
 s - 2 scrolls of immolation
 y - 2 scrolls of random uselessness
 A - 2 scrolls of fog
 F - a scroll of magic mapping
 I - 2 scrolls of identify
Potions
 o - 3 potions of haste
 t - a potion of magic
 w - a potion of flight
 z - a potion of lignification
 E - a potion of mutation
Comestibles
 c - 10 rations


   Skills:
 + Level 4.7 Fighting
 + Level 4.7 Short Blades
 + Level 4.7 Long Blades
 + Level 4.7 Axes
 + Level 4.7 Maces & Flails
 + Level 4.7 Polearms
 + Level 4.7 Staves
 + Level 4.7 Slings
 + Level 4.7 Bows
 + Level 4.7 Crossbows
 + Level 4.7 Throwing
 + Level 4.7 Armour
 + Level 6.6 Dodging
 + Level 6.3 Stealth
 + Level 4.7 Shields
 + Level 4.7 Unarmed Combat
 + Level 6.9 Spellcasting
 + Level 3.9 Conjurations
 + Level 3.9 Hexes
 + Level 3.9 Charms
 + Level 3.9 Summonings
 + Level 3.9 Necromancy
 + Level 3.9 Translocations
 + Level 4.4 Transmutations
 + Level 3.9 Fire Magic
 + Level 3.9 Ice Magic
 + Level 3.9 Air Magic
 + Level 3.9 Earth Magic
 + Level 6.8 Poison Magic
 + Level 5.1 Invocations
 + Level 4.7 Evocations


You had 17 spell levels left.
You knew the following spells:

 Your Spells              Type           Power        Failure   Level  Hunger
a - Sting                 Tmut/Pois      ####         1%          1    None
b - Mephitic Cloud        Conj/Pois/Air  ####....     3%          3    #......

Your spell library contained the following spells:

 Spells                   Type           Power        Failure   Level  Hunger
 Beastly Appendage        Tmut           ####..       1%          1    None
 Poisonous Vapours        Pois/Air       ####..       1%          2    None
 Sticks to Snakes         Tmut           ####....     2%          2    None
 Spider Form              Tmut/Pois      ####......   2%          3    #......
 Ignite Poison            Fire/Tmut/Pois ####....     3%          3    #......
 Olgreb's Toxic Radiance  Pois           #####...     5%          4    ###....
 Ice Form                 Ice/Tmut       ###.....     16%         4    ###....
 Blade Hands              Tmut           ####......   36%         5    #####..


Dungeon Overview and Level Annotations

Branches:
Dungeon (8/15)             Temple (0/1) D:5           Sewer (visited)
   Lair: D:8-11

Altars:
Ashenzari
Fedhas
Gozag
Lugonu

Shops:
D:4 %   D:5 =%*   D:6 (

Annotations:
D:7 1 runed translucent door


Innate Abilities, Weirdness & Mutations

Your experience applies equally to all skills.
((You have very sharp teeth.))
Your uncanny sense of smell can sniff out nearby items.


Message History

Unknown command.
Unknown command.
Unknown command.
Unknown command.
Unknown command.
Unknown command.
Unknown command.
Unknown command.
Unknown command.
Unknown command.
Unknown command.
Unknown command.
Press: ? - help, Shift-Dir - straight line, f - crocodile
Aim: a crocodile (lightly wounded, confused, chance to defeat MR: 83%)
The crocodile is devoured by a tear in reality.
Lugonu claims a new guest.
You are feeling very hungry.
The adder bites the yak.
The yak is poisoned.
The adder poisons the yak!
The yak is engulfed in noxious fumes.
The yak gores you!
You die... ♣P.....
PP.....

. ....P.. ..
P.....r o..
..P.... ...
...P.°○ .. .
.PP..YS##○#.o.#
.P..lYY♣°).h...
P....###§##....
..# .# . .. ∆
... ∆ ....
..... ∆ .#####


You could see a polar bear, 3 yaks, a porcupine (confused), an orc wizard
(confused), an adder (confused), an orc and a leopard gecko.

Vanquished Creatures
  A hippogriff (D:5)
  3 yaks (D:8)
  A hungry ghost (D:7)
  A water moccasin (D:7)
  A porcupine (D:8)
  A black bear (D:6)
  An ice beast (D:7)
  2 ogres
  3 phantoms
  A crocodile (D:8)
  A centaur (D:7)
  A big kobold (Sewer)
  3 bullfrogs
  3 scorpions
  4 killer bees (D:7)
  2 howler monkeys (D:6)
  2 crimson imps
  4 hounds
  3 orc priests
  3 jellies
  An orc wizard (D:3)
  Jessica (D:3)
  An iguana (D:6)
  6 worker ants
  3 hound skeletons
  A worker ant zombie (D:7)
  7 gnolls (D:7)
  11 adders
  A river rat (Sewer)
  3 shadow imps
  3 oozes
  2 adder skeletons
  4 worms
  A dart slug (D:1)
  6 leopard geckos
  20 orcs
  3 ball pythons
  9 giant cockroaches
  12 goblins
  6 hobgoblins
  5 jackals
  2 quokkas
  4 bats
  7 frilled lizards
  A jackal skeleton (D:7)
  2 jackal zombies
  10 kobolds
  A quokka skeleton (D:8)
  13 rats
187 creatures vanquished.

Vanquished Creatures (others)
  A crocodile (D:8)
1 creature vanquished.

Grand Total: 188 creatures vanquished

Notes
Turn   | Place    | Note
-------+----------+-------------------------------------------
     0 | D:1      | MisterFreud the Gnoll Venom Mage began the quest for the
                  | Orb.
     0 | D:1      | Reached XP level 1. HP: 13/13 MP: 6/6
   125 | D:1      | Reached XP level 2. HP: 19/19 MP: 2/7
   673 | D:1      | Reached XP level 3. HP: 25/25 MP: 7/9
   687 | D:1      | Reached skill level 5 in Spellcasting
   875 | D:1      | Found a shattered altar of Ashenzari.
  1174 | D:2      | Found a faded altar of an unknown god.
  1184 | D:2      | Reached skill level 1 in Invocations
  1456 | D:2      | Became a worshipper of Lugonu the Unformed
  1456 | D:2      | Reached * piety under Lugonu
  1456 | D:2      | Reached ** piety under Lugonu
  1556 | D:2      | Reached skill level 1 in Fighting
  1556 | D:2      | Reached skill level 1 in Short Blades
  1556 | D:2      | Reached skill level 1 in Long Blades
  1556 | D:2      | Reached skill level 1 in Axes
  1556 | D:2      | Reached skill level 1 in Maces & Flails
  1556 | D:2      | Reached skill level 1 in Polearms
  1556 | D:2      | Reached skill level 1 in Staves
  1556 | D:2      | Reached skill level 1 in Slings
  1556 | D:2      | Reached skill level 1 in Bows
  1556 | D:2      | Reached skill level 1 in Crossbows
  1556 | D:2      | Reached skill level 1 in Throwing
  1556 | D:2      | Reached skill level 1 in Armour
  1556 | D:2      | Reached skill level 1 in Shields
  1556 | D:2      | Reached skill level 1 in Unarmed Combat
  1556 | D:2      | Reached skill level 1 in Evocations
  1667 | D:2      | Reached XP level 4. HP: 32/32 MP: 7/11
  2337 | D:2      | Reached skill level 1 in Conjurations
  2337 | D:2      | Reached skill level 1 in Hexes
  2337 | D:2      | Reached skill level 1 in Charms
  2337 | D:2      | Reached skill level 1 in Summonings
  2337 | D:2      | Reached skill level 1 in Necromancy
  2337 | D:2      | Reached skill level 1 in Translocations
  2337 | D:2      | Reached skill level 1 in Fire Magic
  2337 | D:2      | Reached skill level 1 in Ice Magic
  2337 | D:2      | Reached skill level 1 in Air Magic
  2337 | D:2      | Reached skill level 1 in Earth Magic
  2337 | D:2      | Reached XP level 5. HP: 29/37 MP: 7/12
  2703 | D:3      | Noticed Jessica
  2711 | D:3      | Killed Jessica
  2834 | D:3      | Reached XP level 6. HP: 25/44 MP: 9/13
  2879 | D:3      | Found a glowing drain.
  2889 | D:3      | Reached *** piety under Lugonu
  2898 | Sewer    | Entered a sewer
  3031 | Sewer    | Reached skill level 5 in Dodging
  4375 | D:4      | Noticed a phantom
  4423 | D:4      | Found Siecunuq's Food Boutique.
  4519 | D:4      | Reached **** piety under Lugonu
  4566 | D:4      | Reached XP level 7. HP: 43/50 MP: 13/15
  4591 | D:4      | Learned a level 3 spell: Mephitic Cloud
  5381 | D:4      | Found an opulent altar of Gozag.
  5539 | D:5      | Entered Level 5 of the Dungeon
  5539 | D:5      | Found a blossoming altar of Fedhas.
  5733 | D:5      | Noticed a hippogriff
  5746 | D:5      | Killed a hippogriff
  5746 | D:5      | Reached skill level 5 in Stealth
  5913 | D:5      | Reached XP level 8. HP: 51/57 MP: 14/16
  6015 | D:5      | Found a staircase to the Ecumenical Temple.
  6034 | D:5      | Found Piall's Assorted Antiques.
  6035 | D:5      | Found Xudev's Food Emporium.
  6317 | D:5      | Found Tanat's Jewellery Boutique.
  6320 | D:5      | Bought a smoky silvery potion for 22 gold pieces
  7744 | D:6      | Reached XP level 9. HP: 26/65 MP: 12/18
  8521 | D:6      | Found Loaxzauz's Antique Weapon Emporium.
  8848 | D:7      | Found a runed translucent door.
  9751 | D:7      | Reached ***** piety under Lugonu
  9756 | D:7      | HP: 2/66 [killer bee (9)]
  9774 | D:8      | HP: 4/99 [yak (3)]
  9775 | D:8      | Reached skill level 5 in Invocations
  9779 | D:8      | Noticed a polar bear
  9780 | D:8      | HP: 2/99 [crocodile (3)]
  9782 | D:8      | Slain by a yak

Illustrated notes

Levels and vault maps discovered:
D:1:      scummos_arrival_checkerplants, layout_loops_ring,
          evilmike_ruin_ashenzari
D:2:      layout_loops_corners, chequers_ecumenical_altar_simple_redux,
          kennysheep_generic_room_10
D:3:      layout_basic, portal_sewer_entry_f, uniq_jessica
D:4:      layout_cave_pods, nicolae_overflow_crystal_walls, serial_shops,
          nicolae_shop_behind_doors
D:5:      layout_basic, fedhas_altar_3, temple_pool_b, serial_shops, shop,
          nicolae_shop_crystal, nicolae_shop_stone, first_ration
D:6:      layout_basic, serial_shops, nicolae_shop_behind_doors
D:7:      layout_gridville, lightli_church_of_beogh
D:8:      layout_cave_pools, okawaru_altar_gauntlet_db, kennysheep_mini_moat,
          minmay_lair_entry_grove, serial_ice, serial_ice_m, serial_ice_l,
          serial_ice_c, serial_ice_a, serial_ice_b, uniq_erica

Skill      XL: |  1  2  3  4  5  6  7  8  9 |
---------------+----------------------------+-----
Transmutations | 2 3 4 |  4.4
Spellcasting   | 5 6 |  6.9
Invocations    | 1 2 3 4 5 |  5.1
Fighting       | 1 2 3 4 |  4.7
Short Blades   | 1 2 3 4 |  4.7
Long Blades    | 1 2 3 4 |  4.7
Axes           | 1 2 3 4 |  4.7
Maces & Flails | 1 2 3 4 |  4.7
Polearms       | 1 2 3 4 |  4.7
Staves         | 1 2 3 4 |  4.7
Slings         | 1 2 3 4 |  4.7
Bows           | 1 2 3 4 |  4.7
Crossbows      | 1 2 3 4 |  4.7
Throwing       | 1 2 3 4 |  4.7
Armour         | 1 2 3 4 |  4.7
Shields        | 1 2 3 4 |  4.7
Unarmed Combat | 1 2 3 4 |  4.7
Evocations     | 1 2 3 4 |  4.7
Conjurations   | 1 2 3 |  3.9
Hexes          | 1 2 3 |  3.9
Charms         | 1 2 3 |  3.9
Summonings     | 1 2 3 |  3.9
Necromancy     | 1 2 3 |  3.9
Translocations | 1 2 3 |  3.9
Fire Magic     | 1 2 3 |  3.9
Ice Magic      | 1 2 3 |  3.9
Air Magic      | 1 2 3 |  3.9
Earth Magic    | 1 2 3 |  3.9
Dodging        | 5 6 |  6.6
Stealth        | 5 6 |  6.3
Poison Magic   | 6 |  6.8

Action                   |  1- 3 |  4- 6 |  7- 9 || total
-------------------------+-------+-------+-------++-------
Melee: Unarmed           |     6 |       |       ||     6
       Bite              |     1 |     6 |    24 ||    31
       Hand axe          |    13 |    93 |   217 ||   323
       Dagger            |       |       |     2 ||     2
Throw: Boomerang         |       |       |    10 ||    10
 Cast: Sting             |    50 |    75 |   101 ||   226
       Mephitic Cloud    |       |       |     6 ||     6
Invok: Banish            |       |       |     1 ||     1
  Use: Scroll            |       |     4 |    13 ||    17
       Potion            |       |       |     4 ||     4
 Stab: Sleeping          |     1 |     1 |     3 ||     5
       Confused          |       |       |     3 ||     3
  Eat: Chunk             |     2 |     8 |    11 ||    21
       Ration            |       |       |     3 ||     3
Armor: Robe              |     1 |    12 |    26 ||    39
       Skin              |       |       |    16 ||    16
Dodge: Dodged            |    16 |    98 |   202 ||   316
Block: Buckler           |       |       |    71 ||    71
